 Dungeon Crawl Stone Soup version 0.30.1-11-g7821555f0a (webtiles) character file.

Game seed: 17183936476086660100

4785 Tauromancer the Severer (level 10, -1/81 HPs)
             Began as a Minotaur Fighter on Dec 22, 2023.
             Was an Elder of Okawaru.
             Slain by a very large slime creature (38 damage)
             ... on level 8 of the Dungeon.
             The game lasted 00:13:44 (6382 turns).

Tauromancer the Severer (Minotaur Fighter)          Turns: 6382, Time: 00:13:44

Health: -1/81      AC: 11    Str: 30    XL:     10   Next: 24%
Magic:  11/11      EV:  9    Int:  5    God:    Okawaru [****..]
Gold:   326        SH: 10    Dex: 11    Spells: 9/9 levels left

rFire   + . .        a - +4 war axe
rCold   x . .        c - +0 buckler
rNeg    . . .        r - +0 chain mail
rPois   .            (helmet restricted)
rElec   .            (no cloak)
rCorr   .            s - +0 pair of gloves
SInv    .            (no boots)
Will    .....        i - amulet of reflection Stlth
                     j - ring of fire
HPRegen 0.33/turn    y - +6 ring of strength
MPRegen 0.12/turn

%: reflection
@: no status effects
A: horns 2, retaliatory headbutt
a: Renounce Religion, Heroism, Finesse


You were on level 8 of the Dungeon.
You worshipped Okawaru.
Okawaru was greatly pleased with you.
You visited 1 branch of the dungeon, and saw 8 of its levels.

You collected 326 gold pieces.

Inventory:

Hand Weapons
 a - a +4 war axe (weapon)
 b - a +2 war axe of freezing
Armour
 c - a +0 buckler (worn)
 r - a +0 chain mail (worn)
 s - a +0 pair of gloves (worn)
Jewellery
 i - an amulet of reflection (around neck)
 j - a ring of fire (left hand)
 y - a +6 ring of strength (right hand)
Wands
 e - a wand of polymorph (23)
Scrolls
 f - 2 scrolls of teleportation
 g - a scroll of magic mapping
 p - a scroll of enchant armour {unknown}
 q - 2 scrolls of fog
Potions
 d - 4 potions of might
 h - a potion of degeneration {unknown}
 k - 2 potions of lignification
 l - a potion of resistance {unknown}
 m - a potion of attraction {unknown}
 n - a potion of invisibility {unknown}
 o - a potion of brilliance
 u - 2 potions of curing
 w - a potion of flight
 x - a potion of magic {unknown}
 A - a potion of mutation {unknown}


   Skills:
 + Level 5.3 Fighting
 - Level 16.0 Axes
 + Level 5.3 Armour
 + Level 5.3 Shields
 + Level 3.0 Invocations


You had 9 spell levels left.
You didn't know any spells.
Your spell library contained the following spells:

 Spells                   Type           Power      Damage    Failure   Level
 Magic Dart               Conj           0%         1d3       93%         1
 Shock                    Conj/Air       0%         1d3       93%         1
 Sting                    Tmut/Pois      0%         1d3       93%         1
 Ensorcelled Hibernation  Hex/Ice        0%         N/A       98%         2
 Passwall                 Tmut/Erth      0%         N/A       98%         2
 Poisonous Vapours        Pois/Air       0%         N/A       98%         2
 Mephitic Cloud           Conj/Pois/Air  0%         N/A       100%        3
 Swiftness                Air            0%         N/A       100%        3
 Olgreb's Toxic Radiance  Pois           0%         N/A       100%        4
 Blade Hands              Tmut           0%         N/A       100%        5
 Iron Shot                Conj/Erth      0%         9d1       100%        6
 Discord                  Hex            0%         N/A       100%        8
 Ignition                 Fire           0%         3d3       100%        8
 Call Imp                 Summ           Unusable   N/A       N/A         2
 Animate Armour           Summ/Erth      Unusable   N/A       N/A         4

Dungeon Overview and Level Annotations

Branches:
Dungeon (8/15)             Temple (0/1) D:7
   Lair: D:8-11

Altars:
Nemelex Xobeh
Okawaru
Ru
Sif Muna
Trog
Xom

Shops:
D:1 !


Innate Abilities, Weirdness & Mutations

You have a pair of horns on your head.
You reflexively headbutt those who attack you in melee.


Message History

The slime creature is lightly wounded.
The slime creature hits you.
You slash the slime creature!
The slime creature is lightly wounded.
You slash the slime creature!
The slime creature is heavily wounded.
The slime creature hits you but does no damage.
You hit the slime creature.
The slime creature is heavily wounded.
The slime creature hits you but does no damage.
You slash the slime creature!
The slime creature is severely wounded.
The slime creature hits you!
You slice the slime creature!!
You kill the slime creature!
Okawaru accepts your kill.
Your Invocations skill increases to level 3!
You start resting.
HP restored. 2 slime creatures come into view.
The slime creature quivers. x2
A slime creature comes into view.
The slime creature quivers.
You slash the slime creature!
The slime creature is moderately wounded.
The slime creature hits you!
Two slime creatures merge to form a large slime creature.
A slime creature comes into view.
You hit the large slime creature.
The large slime creature is lightly wounded.
Two slime creatures merge to form a very large slime creature.
The very large slime creature attacks as you move away!
The very large slime creature hits you!!
The very large slime creature attacks as you move away!
The very large slime creature hits you.
The very large slime creature attacks as you move away!
You block the very large slime creature's attack.
The very large slime creature attacks as you move away!
The very large slime creature hits you!!!
You die...

.....# #.....###### .....#
#.....## #.# .....###......#
#.# .......#......# #.#
....[#.#......# #.#
####.#.#......# #.#
#..........# #.#
#####..###.########.#####
####......#.....@JJ........#
...#.####.#.#.########.###.#
...#.#.##.#.#.# #.# #.#
..........#.#.## #.# #.#
...#.######.#..# #.# #.#
...#...).##.##.# ... ..#
....####.##.##.######..# ###
#...##......#.......#..#
#...##............#.#


You could see a very large slime creature and a slime creature.

Vanquished Creatures
  A two-headed ogre (D:8)
  A komodo dragon (D:7)
  Prince Ribbit (D:7)
  A slime creature (D:8)
  Sigmund (D:5)
  A wyvern (D:7)
  Eustachio (D:4)
  2 steam dragons (D:8)
  A water moccasin (D:7)
  An ice beast (D:5)
  An orc warrior (D:7)
  3 ogres
  A sky beast (D:7)
  A centaur (D:6)
  A phantom (D:7)
  2 gnoll sergeants
  2 scorpions
  9 wights
  12 killer bees
  A howler monkey (D:5)
  2 orc priests
  4 hounds
  A sleepcap (D:5)
  Natasha (thrice) (D:2)
  Terence (D:2)
  2 iguanas (D:7)
  10 orc wizards
  6 gnolls
  8 adders
  3 ufetubi (D:5)
  3 dart slugs
  21 orcs
  8 endoplasms
  3 giant cockroaches
  5 goblins
  4 hobgoblins
  7 jackals
  A quokka (D:2)
  7 ball pythons
  4 bats
  6 frilled lizards (D:7)
  6 kobolds
  2 rats
161 creatures vanquished.

Notes
Turn   | Place    | Note
-------+----------+-------------------------------------------
     0 | D:1      | Tauromancer the Minotaur Fighter began the quest for the
                  | Orb.
     0 | D:1      | Reached XP level 1. HP: 19/19 MP: 0/0
   121 | D:1      | Found Meroz's Distillery.
   124 | D:1      | Reached skill level 3 in Axes
   156 | D:1      | Reached XP level 2. HP: 21/26 MP: 1/1
   304 | D:1      | Reached skill level 4 in Axes
   711 | D:1      | Found a faded altar of an unknown god.
   824 | D:2      | Noticed Natasha
   831 | D:2      | Killed Natasha
   832 | D:2      | Reached XP level 3. HP: 26/31 MP: 2/2
   941 | D:2      | Found a shimmering altar of Xom.
  1010 | D:2      | Noticed Terence
  1016 | D:2      | Reached skill level 5 in Axes
  1017 | D:2      | Killed Terence
  1018 | D:2      | Reached XP level 4. HP: 37/39 MP: 3/3
  1038 | D:2      | Noticed Natasha
  1044 | D:2      | Killed Natasha
  1338 | D:2      | Noticed Natasha
  1344 | D:2      | Killed Natasha
  1345 | D:2      | Reached skill level 6 in Axes
  1472 | D:3      | Reached XP level 5. HP: 45/45 MP: 4/4
  1812 | D:3      | Found a sacrificial altar of Ru.
  2204 | D:3      | Reached skill level 7 in Axes
  2645 | D:4      | Noticed Eustachio
  2657 | D:4      | Killed Eustachio
  2658 | D:4      | Reached skill level 8 in Axes
  2658 | D:4      | Reached XP level 6. HP: 51/51 MP: 5/5
  2878 | D:5      | Entered Level 5 of the Dungeon
  2967 | D:5      | Noticed Sigmund
  2970 | D:5      | Reached skill level 9 in Axes
  2980 | D:5      | Reached XP level 7. HP: 9/57 MP: 6/6
  2982 | D:5      | Killed Sigmund
  2983 | D:5      | Reached skill level 10 in Axes
  3384 | D:5      | Reached skill level 11 in Axes
  3387 | D:5      | Reached XP level 8. HP: 64/64 MP: 7/7
  3459 | D:5      | Found an iron altar of Okawaru.
  3564 | D:5      | Became a worshipper of Warmaster Okawaru
  3643 | D:6      | Reached skill level 12 in Axes
  4345 | D:7      | Found a staircase to the Ecumenical Temple.
  4357 | D:7      | Reached * piety under Okawaru
  4443 | D:7      | Reached skill level 13 in Axes
  4682 | D:7      | Noticed a komodo dragon
  4697 | D:7      | Killed a komodo dragon
  4697 | D:7      | Reached ** piety under Okawaru
  4698 | D:7      | Reached skill level 14 in Axes
  4698 | D:7      | Reached XP level 9. HP: 43/70 MP: 8/8
  5109 | D:7      | Reached skill level 15 in Axes
  5263 | D:7      | Found a shimmering blue altar of Sif Muna.
  5387 | D:7      | Got Sif Muna's Tome of Conflict
  5392 | D:7      | Found a bloodstained altar of Trog.
  5461 | D:7      | Noticed Prince Ribbit
  5465 | D:7      | Killed Prince Ribbit
  5477 | D:7      | Found a sparkling altar of Nemelex Xobeh.
  5862 | D:8      | Reached *** piety under Okawaru
  5863 | D:8      | Reached skill level 16 in Axes
  6088 | D:8      | Reached skill level 1 in Invocations
  6165 | D:8      | Noticed a two-headed ogre
  6195 | D:8      | Killed a two-headed ogre
  6195 | D:8      | Reached **** piety under Okawaru
  6196 | D:8      | Reached skill level 5 in Fighting
  6196 | D:8      | Reached skill level 5 in Armour
  6196 | D:8      | Reached skill level 5 in Shields
  6196 | D:8      | Reached XP level 10. HP: 61/81 MP: 8/10
  6382 | D:8      | Slain by a very large slime creature

Illustrated notes

Levels and vault maps discovered:
D:1:      mrwooster_arrival_arrow, layout_basic, serial_shops, shop,
          shapermc_ecumenical_altar_mp_highgroup
D:2:      layout_loops_ring, basic_altar, uniq_natasha, uniq_terence
D:3:      layout_loops_corners, amcnicky_altar_gilded
D:4:      layout_cave_pools, hangedman_abyss_or_decor_passed, uniq_eustachio
D:5:      layout_basic, lemuel_tele_altar, uniq_sigmund
D:6:      layout_cave_pools, dreamdust_princess_bridge
D:7:      layout_basic, nemelex_dance_club_becter,
          nzn_overflow_gifts_of_might_and_magic,
          minmay_temple_entry_statues_pillars, minmay_lizard_king,
          uniq_prince_ribbit1
D:8:      layout_basic

Skill      XL: |  1  2  3  4  5  6  7  8  9 10 |
---------------+-------------------------------+-----
Axes           | 3 4 5 6 8 9 11 14 16 | 16.0
Fighting       | 5 |  5.3
Armour         | 5 |  5.3
Shields        | 5 |  5.3
Invocations    | 2 3 |  3.0

Action                     |  1- 3 |  4- 6 |  7- 9 | 10-12 || total
---------------------------+-------+-------+-------+-------++-------
  Melee: War axe           |    48 |    92 |   224 |    23 ||   387
         Headbutt          |     8 |    13 |    39 |     3 ||    63
 Invoke: Heroism           |       |       |     1 |       ||     1
    Use: Scroll            |       |     4 |     8 |       ||    12
         Potion            |       |     2 |       |       ||     2
 Armour: Scale mail        |    24 |     6 |       |       ||    30
         Chain mail        |       |    27 |    55 |     7 ||    89
  Dodge: Dodged            |    21 |    27 |    59 |     3 ||   110
  Block: Buckler           |     7 |    46 |    85 |     6 ||   144
         Reflection        |       |       |     2 |       ||     2
